Map: Alcyone LE

Players

commandeR - Winner!

  • Race: Protoss Protoss
  • League: Diamond
  • Spawn Location: 7:00

电脑难度(新手)

  • Race: Zerg Zerg
  • Spawn Location: 1:00

VOD

Have the link to the VOD?

Description

Time

  • Played on: Oct. 6, 2024, 8:45 a.m.
  • Length: 7:53
Show
View Real Time Build Order
Export as new Build Order

commandeR Protoss - Winner!

Build Orders: 1 Gate Expand, Oracle Opening, Zealot Archon 

Get SALT Encoding   

  12  0:00  Probe  
  13  0:14  Probe  
  14  0:21  Pylon  
  14  0:26  Probe  
  15  0:39  Probe (Chrono Boost), Gateway  
  17  0:50  Assimilator, Probe (Chrono Boost)  
  17  0:55  Probe (Chrono Boost)  
  18  1:05  Probe  
  19  1:17  Probe  
  20  1:26  Nexus  
  20  1:34  Cybernetics Core  
  20  1:38  Probe  
  21  1:45  Assimilator  
  21  1:50  Probe  
  21  1:51  Pylon  
  22  2:02  Probe  
  23  2:10  Adept (Chrono Boost)  
  25  2:19  Probe (Chrono Boost)  
  27  2:30  Probe (Chrono Boost)  
  27  2:33  Stargate  
  27  2:37  Probe  
  27  2:40  Probe  
  29  2:44  Adept  
  29  2:45  Warp Gate  
  29  2:49  Probe  
  32  2:53  Probe  
  32  2:54  Gateway  
  33  3:02  Probe  
  33  3:05  Probe  
  35  3:14  Oracle (Chrono Boost), Stalker  
  35  3:16  Probe (Chrono Boost)  
  41  3:20  Probe (Chrono Boost)  
  41  3:24  Pylon  
  41  3:26  Assimilator  
  43  3:29  Assimilator  
  43  3:30  Probe x2 (Chrono Boost)  
  44  3:35  Probe (Chrono Boost)  
  44  3:38  Probe  
  46  3:44  Oracle  
  49  3:49  Probe  
  49  3:50  Probe  
  51  4:01  Probe  
  51  4:02  Robotics Facility, Probe  
  53  4:10  Pylon  
  53  4:13  Probe  
  53  4:14  Pylon  
  54  4:28  Probe x2  
  54  4:29  Pylon  
  60  4:34  Void Ray  
  60  4:40  Nexus  
  60  4:45  Probe x2  
  62  4:48  Twilight Council  
  62  4:53  Forge  
  62  5:00  Immortal  
  66  5:07  Probe  
  66  5:08  Probe  
  68  5:15  Protoss Ground Weapons Level 1 (Chrono Boost)  
  68  5:29  Charge  
  68  5:34  Gateway  
  68  5:36  Gateway  
  68  5:37  Immortal (Chrono Boost)  
  68  5:38  Gateway  
  68  5:39  Gateway  
  72  5:55  Gateway x2  
  72  5:57  Gateway  
  72  5:59  Gateway  
  72  6:05  Warp Prism (Chrono Boost)  
  72  6:10  Templar Archives  
  74  6:21  Zealot x2  
  78  6:34  Pylon  
  78  6:35  Pylon  
  78  6:38  Pylon  
  78  6:42  Zealot x6  
  90  6:59  High Templar x6  
  90  7:00  High Templar  
  104  7:02  Zealot x3  
  104  7:04  Archon x3  
  110  7:19  Pylon  
  110  7:20  Pylon  
  110  7:29  Zealot x3  
  116  7:37  Zealot x2  
  116  7:38  Zealot x4  
  116  7:39  Zealot  
  116  7:43  Pylon  
  130  7:46  Pylon  
Show
View Real Time Build Order
Export as new Build Order

电脑难度(新手) Zerg 

Build Orders: Pool Only 

Get SALT Encoding   

  12  0:01  Drone  
  13  0:12  Overlord  
  13  0:16  Drone  
  14  0:35  Spawning Pool  
  14  0:36  Extractor  
  14  0:40  Drone  
  13  0:47  Drone  
  14  0:52  Overlord  
  14  1:22  Zergling x2  
  14  1:23  Queen  
  17  1:30  Roach Warren  
  16  1:34  Drone  
  16  1:37  Extractor  
  16  1:42  Drone  
  17  1:51  Zergling x2  
  19  2:01  Drone  
  20  2:08  Drone  
  20  2:17  Drone  
  20  2:21  Zergling x2  
  22  2:28  Overlord  
  22  2:30  Drone  
  23  2:37  Drone  
  24  2:45  Drone  
  24  2:50  Roach  
  27  7:22  Zergling x2  
  23  7:30  Overlord  
  23  7:31  Drone  
  12  7:38  Drone  
Tags
 
Add a new tag
Caveats
  • Supply blocks, unpowered buildings, or Contaminate may cause inaccurate times.
  • Supply counts are checked every 10 seconds.